[Event "Polish Youth 1st League 2022"]
[Site "Lublin"]
[Date "2022.06.30"]
[Round "6.14"]
[White "Halhoul, Adam"]
[Black "Dziewonski, Dariusz"]
[Result "0-1"]
[ECO "D31"]
[WhiteElo "1675"]
[BlackElo "1976"]
[Annotator "RC"]
[PlyCount "58"]
[EventDate "2022.06.24"]
[EventType "team-tourn"]
[EventCountry "POL"]
[SourceTitle "playchess.com"]
[Source "ChessBase"]
[SourceQuality "1"]
[TimeControl "40/5400+30:1800+30"]

1. d4 d5 2. c4 e6 3. Nc3 c6 4. e4 dxe4 5. Nxe4 Bb4+ 6. Bd2 Qxd4 7. Bxb4 Qxe4+ 8. Be2 Na6 9. Bd6 Qxg2 10. Qd2 Nf6 11. Bf3 Qg6 12. Ne2 e5 13. Ng3 Bg4 14. Bxg4 Qxg4 15. c5 O-O-O 16. Qc2 Nb4 17. Qb3 Nbd5 18. O-O h5 19. Qa3 h4 20. Qxa7 hxg3 21. Qb8+ Kd7 22. Qxb7+ Ke6 23. f4 gxh2+ 24. Kh1 Ne4 25. f5+ Kf6 26. Bxe5+ Kxe5 27. Rae1 Kf6 28. Qxc6+ Rd6 29. Rf2 Nxf2# 0-1

[Event "Polish Youth 1st League 2022"]
[Site "Lublin"]
[Date "2022.06.30"]
[Round "6.15"]
[White "Maj, Samuel"]
[Black "Nagly, Wojciech"]
[Result "0-1"]
[ECO "E04"]
[WhiteElo "1906"]
[BlackElo "1464"]
[Annotator "NA RC"]
[PlyCount "188"]
[EventDate "2022.06.24"]
[EventType "team-tourn"]
[EventCountry "POL"]
[SourceTitle "playchess.com"]
[Source "ChessBase"]
[SourceQuality "1"]
[TimeControl "40/5400+30:1800+30"]

1. d4 Nf6 2. c4 e6 3. g3 d5 4. Bg2 dxc4 5. Nf3 c5 6. O-O Nc6 7. dxc5 Qxd1 8. Rxd1 Bxc5 9. Nbd2 c3 10. bxc3 O-O 11. Nb3 Bb6 12. c4 a5 13. Ba3 Re8 14. c5 Bc7 15. Nbd4 e5 16. Nb5 Bb8 17. Bb2 Bg4 18. h3 Bxf3 19. Bxf3 e4 20. Bg2 Be5 21. Bxe5 Rxe5 22. Rac1 ({Better is} 22. Nd6 $16) 22... h6 (22... Ne8 $142) 23. Nd6 Rb8 24. Rc4 Nb4 25. a3 Na6 26. Rdc1 ({Don't take} 26. Bxe4 Nxc5 27. Bd5 Ne6 $14) ({Don't do} 26. Nxe4 $6 Nxe4 27. Bxe4 Nxc5 $14) 26... Kf8 27. c6 ({Of course not} 27. Nxe4 $6 Nxe4 28. Bxe4 (28. Rxe4 Rxc5 29. Rec4 b6 $11) 28... Nxc5 29. Rxc5 Rxe4 $11) (27. e3 $142) 27... b5 28. Rd4 Nc7 29. e3 b4 30. axb4 axb4 31. Nxe4 b3 32. Nxf6 gxf6 33. Rd7 b2 34. Rb1 Rc5 35. Rdd1 Rb4 36. Bf1 Rxc6 37. Rd2 Rcb6 38. Rc2 Ne6 39. Bc4 Ng5 40. h4 Nf3+ 41. Kg2 Rxc4 42. Rxc4 Nd2 43. Rxb2 Rxb2 44. Rf4 Ke7 45. Ra4 (45. g4 {was necessary.}) 45... Rc2 46. Ra7+ Ke6 47. Ra6+ Kf5 48. Ra5+ Kg6 49. Ra4 f5 50. Rf4 Nc4 51. e4 fxe4 52. Rxe4 f6 53. Rg4+ Kf5 54. Rf4+ Ke5 55. Rf3 f5 56. Rb3 Nd6 57. Re3+ Ne4 58. Rf3 h5 59. Rf4 Rc3 60. Kh2 Nd2 61. Ra4 Rc4 62. Ra5+ Ke4 63. Kg2 Rc2 64. Ra4+ Nc4 65. Ra1 Ne3+ 66. Kg1 Kf3 67. fxe3 $17 Kxg3 68. Rf1 Rg2+ 69. Kh1 Rf2 70. Re1 Kxh4 71. e4 f4 72. e5 f3 73. e6 Re2 74. Rf1 Kg3 75. Rg1+ Kh3 76. Rd1 Rxe6 77. Kg1 Kg3 78. Kf1 Ra6 79. Ke1 h4 80. Kf1 h3 81. Kg1 Re6 82. Kh1 Re3 83. Rg1+ Kf2 84. Kh2 Ke2 85. Ra1 f2 86. Rb1 Rd3 87. Rb8 f1=Q 88. Re8+ Re3 89. Rg8 Qf4+ 90. Kh1 Qe4+ 91. Kh2 Qe5+ 92. Kh1 Qd5+ 93. Kh2 Qxg8 94. Kh1 Qg2# 0-1

[Event "Polish Youth 1st League 2022"]
[Site "Lublin"]
[Date "2022.06.30"]
[Round "6.16"]
[White "Gibala, Adam"]
[Black "Jamrozik, Maciej"]
[Result "1-0"]
[ECO "B01"]
[WhiteElo "1516"]
[BlackElo "1251"]
[Annotator "NA RC"]
[PlyCount "55"]
[EventDate "2022.06.24"]
[EventType "team-tourn"]
[EventCountry "POL"]
[SourceTitle "playchess.com"]
[Source "ChessBase"]
[SourceQuality "1"]
[TimeControl "40/5400+30:1800+30"]

1. e4 d5 2. exd5 Qxd5 3. Nc3 Qd6 4. d4 Nf6 5. Nf3 a6 6. Be3 Nc6 7. Qd2 Bf5 8. Bd3 Bg6 9. Bxg6 hxg6 10. O-O-O O-O-O 11. Ng5 Qd7 12. Nxf7 Qe8 13. Nxd8 Qxd8 14. d5 Ne5 15. Qd4 Neg4 16. Qa7 Nxe3 17. fxe3 Ng4 18. Ne4 b6 19. Qxa6+ Kd7 20. Qa4+ Kc8 21. Nc5 bxc5 22. Qxg4+ Kb8 23. Rd3 c4 24. Qxc4 Kc8 25. Qa6+ Kd7 26. Qc6+ Kc8 27. Ra3 Qxd5 28. Ra8# 1-0

[Event "Polish Youth 1st League 2022"]
[Site "Lublin"]
[Date "2022.06.30"]
[Round "6.17"]
[White "Uliasz, Katarzyna"]
[Black "Starosta, Martyna"]
[Result "1/2-1/2"]
[ECO "A15"]
[WhiteElo "1526"]
[BlackElo "1918"]
[Annotator "RC"]
[PlyCount "160"]
[EventDate "2022.06.24"]
[EventType "team-tourn"]
[EventCountry "POL"]
[SourceTitle "playchess.com"]
[Source "ChessBase"]
[SourceQuality "1"]
[TimeControl "40/5400+30:1800+30"]

1. c4 Nf6 2. g3 e5 3. Bg2 d5 4. cxd5 Nxd5 5. Nf3 Nc6 6. Nc3 Nb6 7. O-O Be7 8. d3 O-O 9. a3 Re8 10. b4 Bf8 11. Bg5 f6 12. Bd2 Be6 13. Ne4 Nd4 14. Nxd4 exd4 15. Nc5 Bd5 16. Nxb7 Qd7 17. Na5 Bxg2 18. Kxg2 Re5 19. e4 dxe3 20. Bxe3 h5 21. d4 Rf5 22. Qb3+ Nd5 23. Qc4 Re8 24. Rae1 h4 25. Bd2 Rxe1 26. Rxe1 Qf7 27. Qe2 Qg6 28. Qe6+ Kh7 29. Re4 hxg3 30. Rh4+ Rh5 31. Rxh5+ Qxh5 32. hxg3 Nb6 33. Qh3 Qxh3+ 34. Kxh3 a6 35. Kg4 Kg6 36. Kf4 Kf7 37. Ke4 Ke6 38. Nc6 Nc4 39. d5+ Kd7 40. Bc1 Kc8 41. Kd4 Nd6 42. g4 Nf7 43. Ke4 Nd6+ 44. Kd3 Nf7 45. f3 Kb7 46. Be3 Kc8 47. Bc5 Bd6 48. Bxd6 Nxd6 49. a4 Nf7 50. f4 Nh6 51. g5 Nf5 52. Nd4 Nd6 53. Ne6 fxg5 54. fxg5 Nf7 55. Nxg7 Nxg5 56. Ne6 Nf7 57. Nc5 a5 58. bxa5 c6 59. a6 Kb8 60. dxc6 Ne5+ 61. Ke4 Nxc6 62. Kd5 Nb4+ 63. Kc4 Nc2 64. Ne6 Ka7 65. Nc5 Na3+ 66. Kb3 Nb1 67. Kb4 Nd2 68. Kb5 Nb1 69. Ka5 Nd2 70. Ne6 Nc4+ 71. Kb4 Nd6 72. Kc5 Ne4+ 73. Kb5 Nc3+ 74. Ka5 Nxa4 75. Nc7 Nc3 76. Ne8 Nd5 77. Nd6 Nc7 78. Nc8+ Kb8 79. a7+ Kxc8 80. Kb6 Na8+ 1/2-1/2

[Event "Polish Youth 1st League 2022"]
[Site "Lublin"]
[Date "2022.06.30"]
[Round "6.18"]
[White "Kulczycka, Zofia"]
[Black "Tokarz, Gabriela"]
[Result "1/2-1/2"]
[ECO "B22"]
[WhiteElo "1564"]
[BlackElo "1469"]
[Annotator "NA RC"]
[PlyCount "78"]
[EventDate "2022.06.24"]
[EventType "team-tourn"]
[EventCountry "POL"]
[SourceTitle "playchess.com"]
[Source "ChessBase"]
[SourceQuality "1"]
[TimeControl "40/5400+30:1800+30"]

1. e4 c5 2. c3 d5 3. exd5 Qxd5 4. d4 Nc6 5. Nf3 Nf6 6. dxc5 Qxd1+ 7. Kxd1 Bg4 8. b4 O-O-O+ 9. Kc2 Bxf3 10. gxf3 g6 11. a3 Bg7 12. Bf4 Nd5 13. Bg3 h5 14. h4 a5 15. b5 Ne5 16. f4 Nd7 17. c6 bxc6 18. bxc6 Nc5 19. Bc4 Ne4 20. f5 Nxg3 21. Ba6+ Kc7 22. fxg3 Kxc6 23. fxg6 Ne3+ 24. Kb3 fxg6 25. a4 Nd5 26. Bb5+ Kc5 27. Na3 Rhf8 28. Rhf1 Ne3 29. Rg1 Rf3 30. Be2 Rf2 31. Ra2 Rh2 32. Nb5 Rf8 33. Bd3 Rxa2 34. Kxa2 Rf2+ 35. Kb3 Rf6 36. Re1 Nd5 37. Rg1 Ne3 38. Re1 Nd5 39. Rg1 Ne3 1/2-1/2

[Event "Polish Youth 1st League 2022"]
[Site "Lublin"]
[Date "2022.06.30"]
[Round "6.19"]
[White "Kania, Dominik"]
[Black "Panek, Bartosz"]
[Result "0-1"]
[ECO "B10"]
[WhiteElo "1872"]
[BlackElo "2022"]
[Annotator "RC"]
[PlyCount "95"]
[EventDate "2022.06.24"]
[EventType "team-tourn"]
[EventCountry "POL"]
[SourceTitle "playchess.com"]
[Source "ChessBase"]
[SourceQuality "1"]
[TimeControl "40/5400+30:1800+30"]

1. e4 c6 2. d3 d5 3. Nd2 g6 4. g3 Bg7 5. Bg2 e5 6. Ngf3 Ne7 7. O-O O-O 8. b3 Qc7 9. Bb2 h6 10. Qe2 d4 11. Nh4 g5 12. Nf5 Nxf5 13. exf5 Bxf5 14. f4 exf4 15. gxf4 g4 16. Qf2 Qd7 17. Nc4 c5 18. Ne5 Bxe5 19. fxe5 Bg6 20. Bc1 Kh7 21. Qf4 Rh8 22. Qxh6+ Kg8 23. Qg5 Nc6 24. e6 Qd6 25. Bf4 Qxe6 26. Bd5 Qf5 27. Qxf5 Bxf5 28. Bd6 Rh5 29. Bxc5 Bg6 30. Bxc6 Rxc5 31. Bxb7 Rb8 32. Ba6 Rxc2 33. Rf2 Rxf2 34. Kxf2 Kg7 35. Re1 Rh8 36. Kg2 Rh3 37. Bc8 f5 38. Ba6 Re3 39. Rxe3 dxe3 40. Kg3 f4+ 41. Kg2 Kf6 42. d4 Be4+ 43. Kf1 f3 44. Bc4 Ke7 45. b4 Kd6 46. a4 Bd5 47. Bd3 Bb3 48. a5 0-1

[Event "Polish Youth 1st League 2022"]
[Site "Lublin"]
[Date "2022.06.30"]
[Round "6.20"]
[White "Kubik, Rafal"]
[Black "Lysakowski, Kamil"]
[Result "1-0"]
[ECO "B50"]
[WhiteElo "1827"]
[BlackElo "1859"]
[Annotator "NA RC"]
[PlyCount "139"]
[EventDate "2022.06.24"]
[EventType "team-tourn"]
[EventCountry "POL"]
[SourceTitle "playchess.com"]
[Source "ChessBase"]
[SourceQuality "1"]
[TimeControl "40/5400+30:1800+30"]

1. e4 c5 2. Nf3 d6 3. c3 Nf6 4. g3 Nc6 5. d3 e5 6. Bg2 Be7 7. O-O Be6 8. Re1 O-O 9. a3 b5 10. h3 h6 11. d4 Na5 12. Nbd2 Qc7 13. d5 (13. b4 $14 cxd4 14. cxd4) 13... Bd7 14. Nf1 Nh7 15. Ne3 Ng5 (15... c4 $1 $15) 16. Nf5 Bc8 (16... Bxf5 $11 {remains equal.} 17. Bxg5 Bxg5 18. exf5 c4) 17. h4 (17. N3h4 $16) 17... Nxf3+ 18. Qxf3 Nb3 {[%emt 0:03:23] [#]} (18... Bxf5 $14 {should be considered.} 19. Qxf5 Nb3) 19. Rb1 ({White should play} 19. Bxh6 $1 $16 Bxf5 20. exf5 gxh6 21. f6 Bxf6 22. Qxf6 Nxa1 23. Bh3 (23. Rxa1 Qd8 $11)) 19... Bxf5 20. exf5 Bf6 21. Be3 c4 22. Qg4 Kh7 23. Qh5 Qe7 24. Be4 Rh8 25. Kg2 Rac8 26. g4 Kg8 27. Rh1 Nc5 28. Bxc5 Rxc5 29. Rh3 a5 30. Rbh1 Qb7 31. g5 Bd8 32. Qg4 h5 33. Qf3 Rc7 34. Rg3 Rd7 35. g6 f6 36. Qd1 Rc7 37. Bf3 Rc5 38. Qe2 Bb6 39. Rd1 Rh6 40. Bxh5 Kf8 41. Rh3 Bd8 42. Bf3 Be7 43. Be4 (43. a4 $18) 43... Qb8 44. Qe3 (44. h5 $142) 44... a4 45. Kg3 Qd8 46. Rh2 Kg8 47. f4 Kh8 48. Rf2 Qf8 49. Rdf1 Kg8 50. Kh3 Kh8 51. fxe5 fxe5 $2 (51... Qb8 52. e6 Bd8) 52. f6 gxf6 53. Rf5 Kg7 54. Qg3 Qh8 55. Rg1 Qc8 56. Qg4 Rc7 57. Rg3 Qh8 58. h5 $18 Qf8 59. Kg2 Qd8 60. Rf1 Qc8 61. Bf5 Qa8 62. Be6 Qa7 63. Qe2 Qc5 64. Qd2 Bd8 65. Rgf3 Rxh5 66. Rh1 Rg5+ 67. Qxg5 fxg5 68. Rh7+ Kxg6 69. Bf5+ Kf6 70. Be4# 1-0

[Event "Polish Youth 1st League 2022"]
[Site "Lublin"]
[Date "2022.06.30"]
[Round "6.21"]
[White "Musial, Igor"]
[Black "Karwot, Marek"]
[Result "1-0"]
[ECO "A08"]
[WhiteElo "1699"]
[BlackElo "1454"]
[Annotator "NA RC"]
[PlyCount "49"]
[EventDate "2022.06.24"]
[EventType "team-tourn"]
[EventCountry "POL"]
[SourceTitle "playchess.com"]
[Source "ChessBase"]
[SourceQuality "1"]
[TimeControl "40/5400+30:1800+30"]

1. e4 e6 2. d3 d5 3. Nd2 Nf6 4. Ngf3 c5 5. g3 Nc6 6. Bg2 Be7 7. O-O O-O 8. Re1 b6 9. e5 Nd7 10. Nf1 Qc7 11. Bf4 Qb7 12. h4 f6 13. exf6 Bxf6 14. Rxe6 Bxb2 15. Rb1 Bc3 16. Rb3 Bf6 17. c4 Ndb8 18. Rd6 d4 19. Ng5 Bxg5 20. hxg5 Rxf4 21. gxf4 Qc7 22. Qe2 Qxd6 23. Qe8+ Qf8 24. Bd5+ Kh8 25. Qxf8# 1-0

[Event "Polish Youth 1st League 2022"]
[Site "Lublin"]
[Date "2022.06.30"]
[Round "6.22"]
[White "Niesporek, Franciszek"]
[Black "Rozek, Michal"]
[Result "1/2-1/2"]
[ECO "C54"]
[WhiteElo "1332"]
[BlackElo "1533"]
[Annotator "NA RC"]
[PlyCount "164"]
[EventDate "2022.06.24"]
[EventType "team-tourn"]
[EventCountry "POL"]
[SourceTitle "playchess.com"]
[Source "ChessBase"]
[SourceQuality "1"]
[TimeControl "40/5400+30:1800+30"]

1. e4 e5 2. Nf3 Nc6 3. Bc4 Bc5 4. c3 Nf6 5. d4 exd4 6. cxd4 Bb4+ 7. Nbd2 Nxe4 8. d5 Ne7 9. O-O Nxd2 10. Bxd2 Bxd2 11. d6 cxd6 12. Qxd2 O-O 13. Qxd6 Nf5 14. Qf4 d6 15. Rad1 Be6 16. Bd3 Qf6 17. Bxf5 Qxf5 18. Qxf5 Bxf5 19. Rxd6 Rfd8 20. Rfd1 Rxd6 21. Rxd6 Be6 22. a3 Kf8 23. Kf1 Ke7 24. Rd4 Rc8 25. Ke2 Rc2+ 26. Rd2 Rxd2+ 27. Nxd2 Bd5 28. f3 Kd6 29. Kd3 f5 30. Kd4 Be6 31. f4 Bd5 32. g3 a6 33. Nf1 g6 34. Ne3 Be6 35. Nd1 Bd5 36. Nc3 Bb3 37. Ne2 Bd5 38. Nc1 Be4 39. Nb3 b6 40. Nd2 Bd5 41. Nf1 Bf7 42. Nd2 Bd5 43. h3 h5 44. h4 Ke6 45. Nb1 Kd6 46. Nc3 Bb3 47. Ne2 Bd5 48. Nc1 Be4 49. Na2 Ke6 50. Nc3 Bc6 51. Nd1 Ba4 52. Ne3 Bb3 53. Nf1 Bd5 54. Nd2 Kd6 55. Nb1 Be6 56. Nc3 Bb3 57. Ne2 Be6 58. Nc1 Bd7 59. Nd3 b5 60. Ne5 Be8 61. b4 Bd7 62. Nxg6 Be6 63. Ne5 Bd5 64. Nd3 Be6 65. Nc5 Bc8 66. a4 bxa4 67. Nxa4 Bd7 68. Nc5 Bb5 69. Nb7+ Kc7 70. Na5 Kd6 71. Nc4+ Bxc4 72. Kxc4 Kc6 73. Kd4 Kd6 74. Kc3 Kc7 75. Kd3 Kd7 76. Ke3 Ke7 77. Kd2 Kd8 78. Kc2 Kc8 79. Kb3 Kb7 80. Ka3 Ka7 81. Ka4 Kb6 82. Kb3 Kb7 1/2-1/2

[Event "Polish Youth 1st League 2022"]
[Site "Lublin"]
[Date "2022.06.30"]
[Round "6.23"]
[White "Mroz, Lena"]
[Black "Bugaj, Hanna"]
[Result "1-0"]
[ECO "C11"]
[WhiteElo "1719"]
[BlackElo "1779"]
[Annotator "NA RC"]
[PlyCount "99"]
[EventDate "2022.06.24"]
[EventType "team-tourn"]
[EventCountry "POL"]
[SourceTitle "playchess.com"]
[Source "ChessBase"]
[SourceQuality "1"]
[TimeControl "40/5400+30:1800+30"]

1. e4 e6 2. d4 d5 3. Nc3 Nf6 4. e5 Nfd7 5. Nce2 c5 6. c3 Nc6 7. Nf3 Be7 8. Nf4 b6 9. Bd3 Bb7 10. a3 c4 11. Bc2 Qc7 12. Be3 O-O-O 13. Ne2 Rdg8 14. b4 g5 15. a4 h5 16. Bc1 f6 17. Ba3 Nd8 18. exf6 Bxf6 19. b5 g4 20. Nd2 e5 21. O-O e4 22. Ng3 Qf4 23. Ne2 Qh6 24. a5 h4 25. Kh1 g3 26. fxg3 h3 27. Rg1 Ne6 28. Bd6 Bg5 29. Nf1 Nxd4 30. Qxd4 Qxd6 31. axb6 axb6 32. Bxe4 Re8 33. Bf3 Ne5 34. Bg4+ Nxg4 35. Qxg4+ Kc7 36. Qxg5 hxg2+ 37. Rxg2 d4 38. Nxd4 Rh7 39. Nc6 Reh8 40. Qf4 Qxf4 41. gxf4 Rf8 42. Ne3 Bxc6 43. bxc6 Kxc6 44. Rf1 b5 45. Rg6+ Kb7 46. f5 Rfh8 47. Rf2 Rh3 48. Re6 Rg3 49. f6 Rg6 50. Re7+ 1-0

[Event "Polish Youth 1st League 2022"]
[Site "Lublin"]
[Date "2022.06.30"]
[Round "6.24"]
[White "Sprzeczka, Emilia"]
[Black "Lajdamik, Kinga"]
[Result "0-1"]
[ECO "B16"]
[WhiteElo "1692"]
[BlackElo "1308"]
[Annotator "NA RC"]
[PlyCount "72"]
[EventDate "2022.06.24"]
[EventType "team-tourn"]
[EventCountry "POL"]
[SourceTitle "playchess.com"]
[Source "ChessBase"]
[SourceQuality "1"]
[TimeControl "40/5400+30:1800+30"]

1. e4 c6 2. d4 d5 3. Nc3 dxe4 4. Nxe4 Nf6 5. Nxf6+ gxf6 6. c3 Bf5 7. Ne2 e6 8. Ng3 Bg6 9. h4 h6 10. h5 Bh7 11. Bf4 Nd7 12. Qd2 Qb6 13. Bc4 O-O-O 14. O-O f5 15. Qe2 Re8 16. b4 Qd8 17. b5 c5 18. a4 Qh4 19. Qd2 Nf6 20. f3 Rg8 21. a5 Rxg3 22. Bxg3 Qxg3 23. b6 a6 24. Rfd1 Nxh5 25. Qf2 Qf4 26. Ra4 Rd8 27. Bb3 Bd6 28. g4 Qg5 29. dxc5 Bf4 30. Rxd8+ Kxd8 31. Qd4+ Ke7 32. Kf1 Ng3+ 33. Kf2 Qh4 34. Qd3 Ne4+ 35. Ke2 Qh2+ 36. Ke1 Bg3+ 0-1

[Event "Polish Youth 1st League 2022"]
[Site "Lublin"]
[Date "2022.06.30"]
[Round "6.25"]
[White "Jedraszek, Pawel"]
[Black "Szlosarczyk, Hubert"]
[Result "1/2-1/2"]
[ECO "A40"]
[WhiteElo "1933"]
[BlackElo "1650"]
[Annotator "RC"]
[PlyCount "88"]
[EventDate "2022.06.24"]
[EventType "team-tourn"]
[EventCountry "POL"]
[SourceTitle "playchess.com"]
[Source "ChessBase"]
[SourceQuality "1"]
[TimeControl "40/5400+30:1800+30"]

1. d4 e6 2. c4 d5 3. Nf3 Nf6 4. g3 Bb4+ 5. Bd2 Be7 6. Bg2 O-O 7. O-O c6 8. Qc2 Nbd7 9. Nc3 b6 10. e4 dxe4 11. Nxe4 Bb7 12. Bf4 Nxe4 13. Qxe4 Nf6 14. Qe2 c5 15. Rfd1 cxd4 16. Nxd4 Qc8 17. Rac1 Bxg2 18. Kxg2 Qb7+ 19. Qf3 Qxf3+ 20. Kxf3 Bc5 21. a3 Rfe8 22. Nb5 e5 23. Be3 Bxe3 24. Kxe3 Re7 25. h3 a6 26. Nc3 Rc8 27. Nd5 Re6 28. b4 Kf8 29. Nxf6 gxf6 30. Rd5 Rec6 31. c5 Ke7 32. Ke4 Ke6 33. g4 a5 34. Rc2 axb4 35. axb4 R8c7 36. f4 exf4 37. Rf5 bxc5 38. bxc5 Rd7 39. Kxf4 Rd4+ 40. Kg3 Rd3+ 41. Kh4 Ke7 42. Rh5 Re6 43. Rxh7 Ree3 44. Rh2 Rc3 1/2-1/2

[Event "Polish Youth 1st League 2022"]
[Site "Lublin"]
[Date "2022.06.30"]
[Round "6.26"]
[White "Kozlowski, Franciszek"]
[Black "Klaska, Szymon"]
[Result "1/2-1/2"]
[ECO "D04"]
[WhiteElo "1607"]
[BlackElo "1563"]
[Annotator "NA RC"]
[PlyCount "111"]
[EventDate "2022.06.24"]
[EventType "team-tourn"]
[EventCountry "POL"]
[SourceTitle "playchess.com"]
[Source "ChessBase"]
[SourceQuality "1"]
[TimeControl "40/5400+30:1800+30"]

1. d4 d5 2. Nf3 Nf6 3. e3 Bg4 4. h3 Bh5 5. Be2 e6 6. Ne5 Bxe2 7. Qxe2 Nbd7 8. Nxd7 Qxd7 9. O-O Bd6 10. Nd2 O-O 11. e4 e5 12. dxe5 Bxe5 13. exd5 Qxd5 14. Qc4 Rfe8 15. Qxd5 Nxd5 16. Nf3 Bf6 17. c3 a5 18. Bd2 a4 19. Rac1 Nb6 20. Rfe1 Nc4 21. Rxe8+ Rxe8 22. Rc2 h6 23. Kf1 g5 24. Bc1 Kg7 25. b3 axb3 26. axb3 Na5 27. Nd2 Re6 28. b4 Nc6 29. f3 Ne5 30. Ne4 Be7 31. Re2 Ra6 32. Be3 Kg6 33. Bd4 Nd3 34. g3 f5 35. Nd2 Bf6 36. Re3 Ra1+ 37. Ke2 Nc1+ 38. Kf2 Bxd4 39. cxd4 Ra2 40. Ke1 Ra4 41. Re6+ Kh5 42. Nf1 g4 43. hxg4+ fxg4 44. fxg4+ Kxg4 45. Rxh6 Rxb4 46. Kd2 Na2 47. Kd3 Rb3+ 48. Kc2 Rb4 49. Rh7 c6 50. Rg7+ Kf5 51. Nd2 Rxd4 52. Rxb7 Nb4+ 53. Kc3 Rd3+ 54. Kxb4 Rxd2 55. Kc5 Rc2+ 56. Kd4 1/2-1/2

[Event "Polish Youth 1st League 2022"]
[Site "Lublin"]
[Date "2022.06.30"]
[Round "6.27"]
[White "Ugorek, Kacper"]
[Black "Duda, Szymon"]
[Result "1-0"]
[ECO "A10"]
[WhiteElo "1696"]
[BlackElo "1707"]
[Annotator "NA RC"]
[PlyCount "79"]
[EventDate "2022.06.24"]
[EventType "team-tourn"]
[EventCountry "POL"]
[SourceTitle "playchess.com"]
[Source "ChessBase"]
[SourceQuality "1"]
[TimeControl "40/5400+30:1800+30"]

1. c4 f5 2. Nc3 Nf6 3. g3 g6 4. Bg2 Bg7 5. e3 O-O 6. Nge2 d6 7. O-O e5 8. d3 c6 9. Rb1 Be6 10. b4 d5 11. cxd5 cxd5 12. Na4 Bf7 13. Bb2 Re8 14. d4 e4 15. Qd2 g5 16. Rbc1 Bh6 17. Bh3 f4 18. exf4 gxf4 19. gxf4 Bh5 20. Ng3 Bg4 21. Bxg4 Nxg4 22. h3 e3 23. fxe3 Nxe3 24. Rf3 Nc4 25. Qg2 Re6 26. f5 Ne3 27. Qe2 Rd6 28. Rxe3 Nc6 29. Nc5 Bxe3+ 30. Qxe3 Rb8 31. Ne6 Qf6 32. Kh2 Kh8 33. b5 Na5 34. Qf4 Rdd8 35. Nxd8 Rxd8 36. Qe5 Qxe5 37. dxe5 Nc4 38. Bd4 b6 39. e6+ Kg8 40. f6 1-0

[Event "Polish Youth 1st League 2022"]
[Site "Lublin"]
[Date "2022.06.30"]
[Round "6.28"]
[White "Wajda, Krzysztof"]
[Black "Dobosiewicz, Dawid"]
[Result "1/2-1/2"]
[ECO "E14"]
[WhiteElo "1494"]
[BlackElo "1795"]
[Annotator "NA RC"]
[PlyCount "71"]
[EventDate "2022.06.24"]
[EventType "team-tourn"]
[EventCountry "POL"]
[SourceTitle "playchess.com"]
[Source "ChessBase"]
[SourceQuality "1"]
[TimeControl "40/5400+30:1800+30"]

1. d4 Nf6 2. c4 e6 3. Nf3 b6 4. e3 Bb7 5. Be2 Ne4 6. O-O Be7 7. Nbd2 d6 8. Nxe4 Bxe4 9. b3 Nd7 10. Bb2 O-O 11. Bd3 f5 12. Qe2 Nf6 13. Nd2 d5 14. f3 Bxd3 15. Qxd3 Qd7 16. e4 fxe4 17. fxe4 dxe4 18. Nxe4 Nxe4 19. Qxe4 Bf6 20. Rfe1 Rfe8 21. Re2 Rad8 22. Rd1 c6 23. Red2 Qd6 24. Rd3 Re7 25. Qe2 Red7 26. Qe4 b5 27. Bc1 bxc4 28. bxc4 Qe7 29. Bf4 c5 30. d5 exd5 31. Qxe7 Rxe7 32. Rxd5 Rxd5 33. cxd5 Re4 34. Bg3 Rd4 35. Rxd4 Bxd4+ 36. Kf1 1/2-1/2

[Event "Polish Youth 1st League 2022"]
[Site "Lublin"]
[Date "2022.06.30"]
[Round "6.29"]
[White "Barwinska, Ewa"]
[Black "Czarnecka, Lidia"]
[Result "1-0"]
[ECO "B47"]
[WhiteElo "1825"]
[BlackElo "1940"]
[Annotator "RC"]
[PlyCount "93"]
[EventDate "2022.06.24"]
[EventType "team-tourn"]
[EventCountry "POL"]
[SourceTitle "playchess.com"]
[Source "ChessBase"]
[SourceQuality "1"]
[TimeControl "40/5400+30:1800+30"]

1. e4 c5 2. Nf3 e6 3. d4 cxd4 4. Nxd4 Nc6 5. Nc3 Qc7 6. Be2 a6 7. O-O Nf6 8. Be3 b5 9. Nxc6 dxc6 10. f4 Be7 11. e5 Nd5 12. Nxd5 cxd5 13. c3 Bd7 14. Qe1 O-O 15. Bd4 Bc5 16. Rc1 Qb6 17. Qf2 Rac8 18. Rfd1 Rc7 19. Bxc5 Qxc5 20. Qxc5 Rxc5 21. Rd4 Rb8 22. Rcd1 g6 23. Kf2 Kf8 24. Ke3 Ke7 25. g4 Rb7 26. h4 Kf8 27. a3 Kg7 28. Rh1 Rb8 29. Kd2 Rbc8 30. h5 a5 31. Rf1 R8c7 32. Bd3 Bc8 33. f5 exf5 34. gxf5 gxf5 35. Bxf5 Bxf5 36. Rxf5 a4 37. Ke3 Re7 38. Rg4+ Kh6 39. Rd4 f6 40. Rxf6+ Kxh5 41. Kf4 Rg7 42. e6 Rg1 43. Ke5 Kg5 44. Rf8 Re1+ 45. Kd6 Rc4 46. Rxc4 dxc4 47. e7 1-0

[Event "Polish Youth 1st League 2022"]
[Site "Lublin"]
[Date "2022.06.30"]
[Round "6.30"]
[White "Slusarczyk, Anna"]
[Black "Matuszewska, Kinga"]
[Result "1-0"]
[ECO "D53"]
[WhiteElo "1544"]
[BlackElo "1085"]
[Annotator "NA RC"]
[PlyCount "57"]
[EventDate "2022.06.24"]
[EventType "team-tourn"]
[EventCountry "POL"]
[SourceTitle "playchess.com"]
[Source "ChessBase"]
[SourceQuality "1"]
[TimeControl "40/5400+30:1800+30"]

1. d4 d5 2. c4 e6 3. Nc3 Nf6 4. Bg5 Be7 5. Nf3 Nbd7 6. e3 a6 7. cxd5 exd5 8. Bd3 c6 9. O-O O-O 10. Qc2 Re8 11. Rab1 g6 12. b4 b5 13. h3 Nb6 14. Ne5 Qc7 15. f4 Nc4 16. f5 Nxe5 17. dxe5 Qxe5 18. Bf4 Qxf4 19. Rxf4 Bd6 20. Rf3 Re7 21. fxg6 Be5 22. Rbf1 hxg6 23. Rxf6 Bxf6 24. Rxf6 Rxe3 25. Bxg6 Be6 26. Ne2 Kh8 27. Bxf7 Bxf7 28. Rxf7 Rg8 29. Rh7# 1-0

[Event "Polish Youth 1st League 2022"]
[Site "Lublin"]
[Date "2022.07.01"]
[Round "7.1"]
[White "Szlosarczyk, Hubert"]
[Black "Madej, Marek"]
[Result "0-1"]
[ECO "E61"]
[WhiteElo "1650"]
[BlackElo "1978"]
[Annotator "RC"]
[PlyCount "104"]
[EventDate "2022.06.24"]
[EventType "team-tourn"]
[EventCountry "POL"]
[SourceTitle "playchess.com"]
[Source "ChessBase"]
[SourceQuality "1"]
[TimeControl "40/5400+30:1800+30"]

1. d4 Nf6 2. c4 g6 3. Nc3 c5 4. d5 d6 5. e4 Bg7 6. h3 O-O 7. Bg5 h6 8. Be3 e6 9. Bd3 Na6 10. Qd2 exd5 11. exd5 Re8 12. Nge2 Kh7 13. O-O Nb4 14. Bb1 Rb8 15. a3 Na6 16. Bd3 Nc7 17. Rab1 b5 18. b3 Bd7 19. Ng3 Qc8 20. Kh2 bxc4 21. bxc4 Qa6 22. a4 Rb6 23. Nb5 Nxb5 24. axb5 Qb7 25. Qc2 a6 26. bxa6 Qxa6 27. Rxb6 Qxb6 28. Rb1 Qa6 29. Qb3 h5 30. Bg5 Re5 31. Bf4 Re8 32. Bg5 Kg8 33. Qb6 Qa3 34. Rb3 Qa2 35. Rb2 Qxb2 36. Qxb2 Ng4+ 37. hxg4 Bxb2 38. gxh5 Kg7 39. hxg6 fxg6 40. Bf4 Be5 41. Bxe5+ Rxe5 42. Be4 Ba4 43. f4 Re8 44. f5 g5 45. Bf3 Bc2 46. Kh3 Kf6 47. Nh5+ Ke5 48. Bg4 Rh8 49. Kg3 Bxf5 50. Bxf5 Kxf5 51. Ng7+ Kf6 52. Ne6 Rh4 0-1